 Dungeon Crawl Stone Soup version 0.28-a0-1213-g0243856f03 (webtiles) character file.

Game seed: 4583959866210274993

136565 spiderkeys the Spry (level 16, -2/88 HPs)
             Began as a Spriggan Abyssal Knight on Dec 21, 2021.
             Was an Elder of Lugonu.
             Hit by a large rock thrown by a stone giant (47 damage)
             ... on level 1 of the Depths on Dec 22, 2021.
             The game lasted 02:08:48 (39110 turns).

spiderkeys the Spry (Spriggan Abyssal Knight)      Turns: 39110, Time: 02:08:49

Health: -2/88      AC:  5    Str:  9    XL:     16   Next: 67%
Magic:  25/29      EV: 31    Int: 20    God:    Lugonu [****..]
Gold:   2031       SH:  8    Dex: 21    Spells: 15/31 levels left

rFire   + . .      SeeInvis +   w - +8 Vampire's Tooth {vamp}
rCold   + . .      Faith    .   W - +0 buckler
rNeg    + . .      Spirit   .   P - +0 troll leather armour
rPois   +          Reflect  .   d - -2 hat of the Alchemist {rElec rPois rF+ rC+ rN+ Will+ rMut rCorr}
rElec   +          Harm     .   J - +2 cloak
rCorr   +          Rampage  .   (gloves unavailable)
rMut    +                       (boots unavailable)
Will    +++..                   g - amulet of regeneration
Stlth   ++++++....              I - +6 ring of intelligence
HPRegen 1.84/turn               Y - +4 ring of slaying
MPRegen 0.21/turn

@: very quick
A: very small, no large weapons, unfitting armour, see invisible, speed 3
a: Renounce Religion, Depart the Abyss, Bend Space, Banish, Corrupt


You were on level 1 of the Depths.
You worshipped Lugonu.
Lugonu was greatly pleased with you.
You visited 4 branches of the dungeon, and saw 24 of its levels.
You visited the Abyss 1 time.
You also visited: Ice Cave.

You collected 2811 gold pieces.
You spent 780 gold pieces at shops.


Innate Abilities, Weirdness & Mutations

You are very small and have problems with some larger weapons.
You are too small for most types of armour.
You have supernaturally acute eyesight. (SInv)
You cover ground extremely quickly. (Speed+++)


   Skills:
 - Level 12.0 Fighting
 - Level 12.3 Short Blades
 - Level 12.0 Slings
 - Level 17.2 Dodging
 - Level 15.0 Stealth
 - Level 4.0 Shields
 - Level 8.0 Spellcasting
 - Level 10.0 Hexes
 * Level 6.3 Translocations
 - Level 9.0 Invocations
 - Level 10.0 Evocations


You had 15 spell levels left.
You knew the following spells:

 Your Spells              Type           Power      Damage    Failure   Level
d - Dazzling Flash        Conj/Hex       56%        N/A       5%          3
e - Ensorcelled Hibernat  Hex/Ice        56%        N/A       2%          2
f - Freezing Cloud        Conj/Ice/Air   4%         6-21      99%         5
k - Tukima's Dance        Hex            48%        N/A       1%          3
t - Teleport Other        Tloc           33%        N/A       3%          3

Your spell library contained the following spells:

 Spells                   Type           Power      Damage    Failure   Level
 Gell's Gravitas          Tloc           33%        N/A       3%          3
 Lesser Beckoning         Tloc           33%        N/A       3%          3
 Inner Flame              Hex/Fire       28%        N/A       5%          3
 Animate Skeleton         Necr           16%        N/A       14%         1
 Foxfire                  Conj/Fire      32%        2x1d5     14%         1
 Magic Dart               Conj           32%        1d4       14%         1
 Pain                     Necr           32%        1d5       14%         1
 Corpse Rot               Necr/Air       16%        N/A       22%         2
 Passwall                 Tmut/Erth      6%         N/A       22%         2
 Poisonous Vapours        Pois/Air       16%        N/A       22%         2
 Iskenderun's Mystic Bla  Conj/Tloc      20%        2d6       38%         4
 Conjure Flame            Conj/Fire      8%         6-21      41%         3
 Swiftness                Air            8%         N/A       41%         3
 Vampiric Draining        Necr           8%         2d6       41%         3
 Dispel Undead            Necr           8%         3d8       82%         4
 Flame Wave               Conj/Fire      8%         2d4       82%         4
 Fireball                 Conj/Fire      4%         3d4       99%         5
 Iskenderun's Battlesphe  Conj           8%         2d6       99%         5
 Conjure Ball Lightning   Conj/Air       4%         3x3d6     100%        6
 Death Channel            Necr           4%         N/A       100%        6
 Starburst                Conj/Fire      4%         6d3       100%        6
 Orb of Destruction       Conj           4%         9d2       100%        7

Inventory:

Hand Weapons
 b - a +0 fustibalus
   (You found it on level 5 of the Dungeon)
 m - a +5 demon blade of flaming
   (You took it off a hell knight on level 1 of the Depths)
 w - the +8 Vampire's Tooth (weapon) {vamp}
   (You bought it in a shop on level 2 of the Orcish Mines)

   It occasionally heals its wielder for the full amount of damage dealt when it
   wounds a living foe.
Missiles
 f - 503 stones
 n - 70 poisoned darts
 p - 169 sling bullets
 H - 7 curare-tipped darts {=f}
 L - 3 boomerangs of dispersal {=f!f}
Armour
 d - the -2 hat of the Alchemist (worn) {rElec rPois rF+ rC+ rN+ Will+ rMut rCorr}
   (You found it on level 12 of the Dungeon)

   rF:        It protects you from fire.
   rC:        It protects you from cold.
   rElec:     It insulates you from electricity.
   rPois:     It protects you from poison.
   rN:        It protects you from negative energy.
   rCorr:     It protects you from acid and corrosion.
   rMut:      It protects you from mutation.
   Will:      It increases your willpower.
 l - a +2 robe of fire resistance
   (You took it off Jessica on level 2 of the Dungeon)
 J - a +2 cloak (worn)
   (You found it on level 2 of the Lair of Beasts)
 P - a +0 troll leather armour (worn)
   (You found it on level 9 of the Dungeon)
 W - a +0 buckler (worn)
   (You took it off a tengu conjurer on level 14 of the Dungeon)
Jewellery
 c - a ring of protection from cold
   (You found it on level 8 of the Dungeon)
 g - an amulet of regeneration (around neck)
   (You found it on level 1 of the Lair of Beasts)
 z - a ring of wizardry
   (You found it in an ice cave)
 A - an amulet of the acrobat
   (You found it on level 5 of the Dungeon)
 I - a +6 ring of intelligence (left hand)
   (You found it on level 4 of the Lair of Beasts)
 S - a +6 ring of strength
   (You found it on level 1 of the Depths)
 Y - a +4 ring of slaying (right hand)
   (You found it in an ice cave)
Wands
 a - a wand of acid (13)
   (You found it on level 11 of the Dungeon)
 i - a wand of mindburst (18)
   (You found it on level 2 of the Dungeon)
 r - a wand of paralysis (9)
   (You took it off Ijyb on level 4 of the Dungeon)
 C - a wand of digging (3)
   (You took it off a death knight on level 15 of the Dungeon)
 G - a wand of flame (56)
   (You found it on level 4 of the Lair of Beasts)
 K - a wand of charming (7)
   (You took it off Joseph on level 8 of the Dungeon)
Scrolls
 j - a scroll of silence {!r}
 q - 11 scrolls of teleportation {@r4}
 t - a scroll of fog
 u - 2 scrolls of magic mapping {!r}
 x - 2 scrolls of amnesia
 E - 3 scrolls of torment {!r}
 Q - a scroll of vulnerability {!r!r}
 R - 3 scrolls of identify {@r1}
 T - 2 scrolls of fear
 U - 2 scrolls of holy word
 V - 2 scrolls of enchant armour
 X - 4 scrolls of immolation {!r!r}
 Z - 3 scrolls of enchant weapon
Potions
 e - 6 potions of brilliance
 h - 3 potions of flight
 k - 6 potions of mutation {!q}
 o - 2 potions of attraction {!q}
 s - 3 potions of cancellation
 v - 3 potions of might
 B - 5 potions of lignification {!q}
 D - 7 potions of curing {@q1}
 F - a potion of resistance
 N - 3 potions of berserk rage {!q}
 O - 2 potions of ambrosia
Miscellaneous
 y - a box of beasts (inert)
   (You found it on level 6 of the Lair of Beasts)
 M - a lightning rod (4/4)
   (You found it on level 2 of the Abyss)

Dungeon Overview and Level Annotations

Branches:
Dungeon (15/15)            Temple (0/1) D:7            Lair (6/6) D:11
  Swamp (0/4) Lair:4       Spider (0/4) Lair:2        Slime (0/5) Lair:6
    Orc (2/2) D:9             Elf (0/3) Orc:2        Vaults (0/5) D:13
 Depths (1/4) D:15          IceCv (visited)

Altars:
Ashenzari
Cheibriados
Elyvilon
Fedhas
Kikubaaqudgha
Sif Muna
Vehumet
Lugonu

Shops:
D:6 (   D:7 ?   D:10 !   Orc:1 =   Orc:2 (:(

Portals:
Abyss: Lair:6
Pandemonium: Depths:1
Ziggurat: Depths:1
Trove: D:10 (give 6 scrolls of blinking)

Annotations:
Lair:1 AigisTheKnight's ghost, journeyman DrAE
Depths:1 3 transporters
Abyss:1 Snorg

**** *,,* ########## **,,*
#....'...# *** #
*,,,*####....#@..## *,***
*,,,,+....)..#....# *,,+,
****,,,#.......#....# ******,**
,*,*,,*####'####C...# *,,,,#..#
,,,****,#....#,.....# **,,,,+...
,,,,,,,,#....#.....##***,,,,,#...
,,,,,,,##....#.....#,,**,,,,,####
*,,,#+##.....#.....#,,,*,,,,,,,+,
*,**#..#....(###+#.#,,,+,,,,,,***


You could see a stone giant.


Message History

The rakshasa gestures at you. The lance of force misses you.
The rakshasa blinks!
You hit the rakshasa but do no damage. 😕 HP[+1]
You hit the rakshasa but do no damage. You hit the rakshasa but do no damage.
The rakshasa barely misses you.
You hit the rakshasa but do no damage. 😕 HP[+2]
You regained 2 hp, and now have 80/88 hp.
You hit the rakshasa but do no damage. You puncture the rakshasa!
The rakshasa hits you with a +0 long sword! 😕 HP[-7]
You take 7 damage, and now have 73/88 hp.
You puncture the rakshasa!
You kill the rakshasa!
The rakshasa shimmers and vanishes!
The rakshasa barely misses you. 😕 HP[+2]
You regained 2 hp, and now have 75/88 hp.
You puncture the rakshasa!
You kill the rakshasa!
Lugonu accepts your kill.
Your Translocations skill increases to level 6!
Things that are here:
a +0 long sword; a +0 robe; 😎 HP[+13]
Your hp is fully restored (88).
Key pressed, stopping explore.
You open the door.
A stone giant comes into view.
There is an open door here.
Okay, then.
The stone giant shouts!
You hit the stone giant. The stone giant hits you!! 😮 HP[-25]
You take 25 damage, and now have 63/88 hp.
MASSIVE DAMAGE!! (PAUSE)
Casting: Ensorcelled Hibernation (safe; 2% risk of failure)
Confirm with . or Enter, or press ? or * to list all spells.
Aiming: Ensorcelled Hibernation (safe; 2% risk of failure)
Press: ? - help, Shift-Dir - straight line, f - stone giant
Aim: a stone giant, quivering large rocks (lightly wounded, chance to affect: 12%)
The stone giant resists with almost no effort.
The stone giant completely misses you. 😮 HP[+2] MP[-2]
You regained 2 hp, and now have 65/88 hp.
You lost 2 mp, and now have 27/29 mp.
You are too injured to fight recklessly!
You are too injured to fight recklessly!
You hit the stone giant but do no damage. 😮 HP[+1]
You hit the stone giant. You hit the stone giant.
You feel better.
The stone giant hits you but does no damage. 😕 HP[+3]
You regained 3 hp, and now have 69/88 hp.
You completely miss the stone giant. 😕 HP[+1]
You hit the stone giant.
You feel better. 😕 HP[+3]
You regained 3 hp, and now have 73/88 hp.
You hit the stone giant but do no damage.
The stone giant completely misses you. 😕 HP[+1]
You puncture the stone giant!
You feel better. 😕 HP[+10]
You regained 10 hp, and now have 84/88 hp.
You hit the stone giant.
You feel better. 😕 HP[+2]
You regained 2 hp, and now have 86/88 hp.
You hit the stone giant.
You feel better.
The stone giant completely misses you. 😎 HP[+2]
Your hp is fully restored (88).
You hit the stone giant. You puncture the stone giant! You hit the stone giant.
The stone giant hits you! 😕 HP[-13] MP[+1]
You take 13 damage, and now have 75/88 hp.
You hit the stone giant. You hit the stone giant. 😕 HP[+1]
You hit the stone giant.
You feel better.
You block the stone giant's attack. 😕 HP[+3]
You regained 3 hp, and now have 79/88 hp.
Unknown command.
Casting: Ensorcelled Hibernation (safe; 2% risk of failure)
Confirm with . or Enter, or press ? or * to list all spells.
Casting: Dazzling Flash (dangerous; 5% risk of failure)
Press: ? - help, Dir - look around, f - activate The stone giant hits you!!!
* * * LOW HITPOINT WARNING * * *
😨 HP[-37] MP[-3]
You take 37 damage, and now have 42/88 hp.
MASSIVE DAMAGE!! (PAUSE)
You lost 3 mp, and now have 25/29 mp. 😨 HP[+1]
The stone giant throws a large rock.
The large rock hits you!!!
Ouch! That really hurt!
You die...

Skill      XL: |  1  2  3  4  5  6  7  8  9 10 11 12 13 14 15 16 |
---------------+-------------------------------------------------+-----
Short Blades   | 3 4 5 6 8 9 10 12 | 12.3
Dodging        | 4 5 6 7 10 12 15 16 17 | 17.2
Evocations     | 4 5 6 10 | 10.0
Stealth        | 1 3 5 7 8 9 12 15 | 15.0
Invocations    | 2 4 6 8 9 |  9.0
Fighting       | 4 5 7 8 9 11 12 | 12.0
Slings         | 5 12 | 12.0
Spellcasting   | 2 5 7 8 |  8.0
Hexes          | 7 10 | 10.0
Shields        | 1 4 |  4.0
Translocations | 6 |  6.3

Action                   |  1- 3 |  4- 6 |  7- 9 | 10-12 | 13-15 | 16-18 || total
-------------------------+-------+-------+-------+-------+-------+-------++-------
Melee: Short sword       |       |   108 |   308 |   259 |   305 |       ||   980
       Rapier            |       |       |    16 |  1379 |  1297 |       ||  2692
       Spear             |       |       |    53 |   395 |       |       ||   448
       Quick blade       |       |       |       |       |   504 |   439 ||   943
 Fire: Hunting sling     |       |    94 |    30 |       |       |       ||   124
       Fustibalus        |       |       |   119 |   208 |    16 |       ||   343
Throw: Dart              |       |       |    10 |     9 |    18 |       ||    37
       Boomerang         |       |       |       |       |     1 |       ||     1
 Cast: Ensorcelled Hiber |       |       |       |       |   216 |    61 ||   277
       Dazzling Flash    |       |       |       |       |    17 |    14 ||    31
Invok: Depart the Abyss  |       |     1 |       |       |       |       ||     1
       Bend Space        |       |       |     1 |    15 |    22 |     4 ||    42
       Banish            |       |       |       |    14 |    29 |     6 ||    49
Evoke: Lightning rod     |     3 |     2 |    10 |     6 |     9 |       ||    30
       Wand              |       |       |     9 |    10 |    18 |     1 ||    38
       Box of beasts     |       |       |       |       |       |     1 ||     1
  Use: Scroll            |       |     3 |     7 |    10 |     8 |     3 ||    31
       Potion            |       |       |       |       |     3 |       ||     3
 Stab: Sleeping          |       |     4 |     9 |    20 |    90 |    32 ||   155
       Distracted        |       |       |     2 |     6 |     7 |       ||    15
       Invisible         |       |       |       |       |    15 |     8 ||    23
       Petrified         |       |       |       |       |     2 |       ||     2
Armor: Robe              |       |    13 |    35 |     4 |       |       ||    52
       Steam dragon scal |       |       |       |     7 |       |       ||     7
       Troll leather arm |       |       |       |   107 |   113 |     7 ||   227
Dodge: Dodged            |       |    84 |   441 |  1810 |  1956 |   167 ||  4458
Block: Buckler           |       |       |       |       |     7 |    63 ||    70

Levels and vault maps discovered:
D:1:      lemuel_arrival_tunnels, layout_basic, columned_hall_lemuel
D:2:      layout_loops_cross, uniq_jessica
D:3:      minmay_razor_zed, layout_basic, dreamdust_ecumenical_altar_grove
D:4:      layout_basic, uniq_natasha, uniq_ijyb
D:5:      layout_gridville, fedhas_bush_and_centaur_altar
D:6:      layout_basic, vehumet_crystals, serial_shops,
          nicolae_shop_hallway_plus, uniq_maggie, uniq_pikel, uniq_edmund
D:7:      nzn_winding_woodlands_small [nzn_winding_woodlands_5x15_sidewinder,
          nzn_winding_woodlands_center_lodge,
          nzn_winding_woodlands_5x15_sawtooth], layout_gridville,
          mainiacjoe_overflow_large_starburst, minmay_temple_entry_proselytizer,
          serial_shops, shop, nicolae_elevator_lobby_plus
D:8:      minmay_cornered_nines, layout_gridville, mainiacjoe_overflow_catwalk,
          uniq_joseph
D:9:      layout_cave_pools, minmay_orc_entry_guard_dogs, minmay_librarian
D:10:     layout_small_grid, ashenzari_altar_1, kennysheep_mini, serial_shops,
          kennysheep_little_box, enter_trove_0, uniq_psyche
D:11:     layout_loops_corners, david_lair_generic, hangedman_stone_soup,
          kennysheep_kite_vault
D:12:     cheibrodos_breeding_chamber, layout_basic
D:13:     layout_basic, david_vaults_2, elyvilon_altar_1, uniq_urug
D:14:     layout_roguey, uniq_josephine
D:15:     hangedman_depths_entry_try_elsewhere_first, layout_irregular_city,
          bh_walls_and_bars, grunt_ministairs_10
Lair:1:   layout_chaotic_city, gammafunk_ghost_arena
Lair:2:   dreamdust_isle_of_ice, layout_cave_pods, spider_nest_entry_rubble,
          chequers_serial_rivers_room_b, lemuel_fruit_fields
Lair:3:   layout_big_grid
Lair:4:   layout_long_grid, skrybe_swamp_entry_bodies
Lair:5:   layout_loops_ring, grunt_megastairs_5, serial_bayou_shore_b,
          lemuel_fruit_fields
Lair:6:   hellmonk_lair_end_abyssal_woods, layout_misc_corridors,
          nicolae_slime_entry_slimehenge, chequers_serial_rivers_room_b,
          serial_bayou_pond_a, hangedman_lair_generics_rect
Orc:1:    layout_diamond_mine, portal_ice_cave_entry_imps, serial_shops,
          nicolae_shop_trees
Orc:2:    st_orc_elflike, layout_caves, uniq_snorg
Depths:1: layout_honeycomb, enter_ziggurat_a, pan_entry, grunt_mini_vestibule,
          minmay_stone_trees_small, amcnicky_mini_corridor_feature,
          serial_nicolae_subway, nicolae_sub_station_stone,
          nicolae_sub_station_metal, nicolae_sub_station_crystal

Notes
Turn   | Place    | Note
-------+----------+-------------------------------------------
     0 | Abyss:1  | spiderkeys the Spriggan Abyssal Knight began the quest for
                  | the Orb.
     0 | Abyss:1  | Reached XP level 1. HP: 11/11 MP: 3/3
     0 | Abyss:1  | magus.rc [v1.9.10]
    63 | Abyss:2  | Found a corrupted altar of Lugonu.
    82 | Abyss:2  | You pick up a book of the Spheres and begin reading...
    82 | Abyss:2  | You add the spells Iskenderun's Battlesphere, Fireball,
                  | Conjure Ball Lightning and Orb of Destruction to your
                  | library.
   118 | Abyss:2  | Noticed a small abomination
   130 | Abyss:2  | Found a corrupted altar of Lugonu.
   150 | Abyss:2  | Noticed a crystal guardian
   150 | Abyss:2  | Killed a small abomination
   151 | Abyss:2  | Reached skill level 3 in Short Blades
   151 | Abyss:2  | Reached skill level 4 in Dodging
   151 | Abyss:2  | Reached skill level 4 in Evocations
   151 | Abyss:2  | Reached XP level 2. HP: 16/16 MP: 4/4
   151 | Abyss:2  | Reached XP level 3. HP: 19/19 MP: 5/5
   151 | Abyss:2  | Reached XP level 4. HP: 23/23 MP: 6/6
   151 | Abyss:2  | Reached XP level 5. HP: 27/27 MP: 7/7
   151 | D:1      | You pass through the gate.
   151 | D:1      | Escaped the Abyss
   551 | D:1      | Reached * piety under Lugonu
  1268 | D:2      | Noticed Jessica
  1270 | D:2      | Killed Jessica
  1271 | D:2      | Reached skill level 5 in Evocations
  1494 | D:2      | Reached skill level 4 in Short Blades
  1612 | D:3      | Reached skill level 5 in Dodging
  1612 | D:3      | Reached skill level 1 in Stealth
  1612 | D:3      | Reached XP level 6. HP: 24/32 MP: 8/8
  1814 | D:3      | You fall into a shaft and drop 1 floor!
  2004 | D:4      | Noticed Ijyb
  2032 | D:4      | Reached skill level 2 in Stealth
  2109 | D:4      | Killed Ijyb
  2271 | D:4      | Noticed Natasha
  2279 | D:4      | Killed Natasha
  2280 | D:4      | Reached skill level 5 in Short Blades
  2280 | D:4      | Reached skill level 3 in Stealth
  2409 | D:4      | Reached ** piety under Lugonu
  2517 | D:4      | Noticed Natasha
  2527 | D:4      | Killed Natasha
  2528 | D:4      | Reached XP level 7. HP: 27/35 MP: 9/9
  3252 | D:4      | Reached skill level 6 in Dodging
  3252 | D:4      | Reached skill level 4 in Stealth
  3260 | D:4      | Reached skill level 6 in Short Blades
  3655 | D:5      | Entered Level 5 of the Dungeon
  3672 | D:5      | Reached skill level 2 in Invocations
  3917 | D:5      | Found a blossoming altar of Fedhas.
  3936 | D:5      | Reached skill level 5 in Stealth
  4393 | D:5      | Noticed a steam dragon
  4440 | D:5      | Reached XP level 8. HP: 28/39 MP: 10/10
  4652 | D:5      | Reached skill level 3 in Fighting
  4652 | D:5      | Reached skill level 7 in Short Blades
  5179 | D:5      | Reached skill level 3 in Invocations
  5233 | D:6      | Noticed Pikel
  5245 | D:6      | Found a radiant altar of Vehumet.
  5250 | D:6      | Reached skill level 6 in Stealth
  5286 | D:6      | Noticed Edmund
  5493 | D:6      | Killed Edmund
  6185 | D:6      | Found Hastati's Weapon Emporium.
  6461 | D:6      | Noticed Maggie
  6473 | D:6      | Killed Maggie
  6474 | D:6      | Reached skill level 8 in Short Blades
  6474 | D:6      | Reached skill level 7 in Stealth
  6494 | D:6      | Reached skill level 4 in Invocations
  6514 | D:6      | Reached skill level 4 in Fighting
  6514 | D:6      | Reached XP level 9. HP: 24/45 MP: 13/13
  6682 | D:6      | Reached skill level 8 in Stealth
  6689 | D:6      | Killed Pikel
  6690 | D:6      | Reached skill level 5 in Invocations
  7047 | D:6      | You pick up a book of Vapours and begin reading...
  7047 | D:6      | You add the spells Poisonous Vapours and Corpse Rot to your
                  | library.
  7456 | D:6      | Reached skill level 5 in Fighting
  7691 | D:7      | Identified the +7 spear of Ragnarok {vorpal, rN+ Str+3}
  7695 | D:7      | Noticed a troll
  7706 | D:7      | Killed a troll
  7707 | D:7      | Reached skill level 2 in Slings
  7938 | D:7      | Reached skill level 3 in Slings
  8134 | D:7      | Reached skill level 6 in Invocations
  8324 | D:7      | Reached skill level 4 in Slings
  8324 | D:7      | Reached skill level 7 in Dodging
  8439 | D:7      | Noticed a komodo dragon
  8439 | D:7      | Noticed a kobold demonologist
  8443 | D:7      | Killed a kobold demonologist
  8444 | D:7      | Reached skill level 5 in Slings
  8445 | D:7      | HP: 9/47 [gnoll sergeant (5)]
  8459 | D:7      | Killed a komodo dragon
  8460 | D:7      | Reached XP level 10. HP: 11/51 MP: 14/16
  8876 | D:7      | Reached *** piety under Lugonu
  8946 | D:7      | Reached skill level 8 in Dodging
  9070 | D:7      | Reached skill level 7 in Invocations
  9418 | D:7      | You add the spells Magic Dart, Conjure Flame and Freezing
                  | Cloud to your library.
  9418 | D:7      | Got the Papyrus of Confrontation
  9464 | D:7      | Learned a level 5 spell: Freezing Cloud
  9483 | D:7      | Found a white marble altar of Elyvilon.
  9483 | D:7      | Found a snail-covered altar of Cheibriados.
  9648 | D:7      | Found a staircase to the Ecumenical Temple.
 10400 | D:7      | Found Tinwycli's Magic Scroll Shoppe.
 10655 | D:8      | Found a shimmering blue altar of Sif Muna.
 11360 | D:8      | Noticed Joseph
 11464 | D:8      | magus.rc [v1.9.10]
 11480 | D:8      | Killed Joseph
 11481 | D:8      | Reached skill level 9 in Dodging
 11588 | D:8      | Noticed a two-headed ogre
 11610 | D:8      | Killed a two-headed ogre
 11611 | D:8      | Reached skill level 9 in Short Blades
 11689 | D:8      | Noticed a brown ugly thing
 11695 | D:8      | Killed a brown ugly thing
 11696 | D:8      | Reached skill level 1 in Spellcasting
 11696 | D:8      | Reached skill level 8 in Invocations
 11708 | D:8      | Noticed a salamander
 11710 | D:8      | Killed a salamander
 11727 | D:8      | Reached skill level 2 in Spellcasting
 12489 | D:8      | Reached skill level 10 in Dodging
 12529 | D:8      | Reached XP level 11. HP: 45/56 MP: 18/18
 12728 | D:8      | Reached skill level 3 in Spellcasting
 12972 | D:9      | You pick up a book of Displacement and begin reading...
 12972 | D:9      | You add the spells Lesser Beckoning, Gell's Gravitas and
                  | Teleport Other to your library.
 13394 | D:9      | HP: 11/50 [troll (3)]
 13915 | D:9      | Found a staircase to the Orcish Mines.
 14348 | D:9      | Noticed a deep elf pyromancer
 14351 | D:9      | Banished a deep elf pyromancer
 14404 | D:9      | You pick up a book of Maledictions and begin reading...
 14404 | D:9      | You add the spells Ensorcelled Hibernation and Tukima's
                  | Dance to your library.
 14421 | D:9      | You pick up a book of Decay and begin reading...
 14421 | D:9      | You add the spells Dispel Undead and Death Channel to your
                  | library.
 14435 | D:9      | You pick up a book of Burglary and begin reading...
 14435 | D:9      | You add the spells Passwall and Swiftness to your library.
 14599 | D:8      | Reached skill level 4 in Spellcasting
 14715 | D:8      | Reached skill level 6 in Fighting
 14901 | D:10     | Entered Level 10 of the Dungeon
 15037 | D:10     | Reached skill level 10 in Short Blades
 15110 | D:10     | Reached **** piety under Lugonu
 15213 | D:10     | Reached skill level 9 in Invocations
 15265 | D:10     | Found Tucurhua's Distillery.
 15265 | D:10     | Noticed Psyche
 15269 | D:10     | Killed Psyche
 15270 | D:10     | Reached skill level 11 in Dodging
 15273 | D:10     | Bought a potion of heal wounds for 60 gold pieces
 15291 | D:10     | Found a portal to a secret trove of treasure.
 15341 | D:10     | This trove needs 6 scrolls of blinking to function. Give it
                  | the items?
 15379 | D:10     | Reached skill level 5 in Spellcasting
 15388 | D:10     | Found a broken altar of Ashenzari.
 15712 | D:10     | Found an ancient bone altar of Kikubaaqudgha.
 16169 | D:11     | Noticed a death knight
 16184 | D:11     | Noticed a two-headed ogre
 16185 | D:11     | Noticed a two-headed ogre
 16195 | D:11     | Banished a death knight
 16222 | D:11     | Reached skill level 7 in Fighting
 16227 | D:11     | Killed a two-headed ogre
 16228 | D:11     | Reached skill level 12 in Dodging
 16228 | D:11     | Reached XP level 12. HP: 25/63 MP: 18/20
 16239 | D:11     | Killed a two-headed ogre
 16240 | D:11     | Reached skill level 11 in Short Blades
 16243 | D:11     | HP: 15/63 [centaur warrior zombie (3)]
 16320 | D:11     | Found a staircase to the Lair.
 16431 | D:11     | Noticed a boulder beetle
 16434 | D:11     | Banished a boulder beetle
 17041 | D:11     | Reached skill level 13 in Dodging
 17141 | D:11     | Noticed a two-headed ogre
 17155 | D:11     | Killed a two-headed ogre
 17229 | D:11     | Reached skill level 8 in Fighting
 17525 | D:11     | Reached skill level 12 in Short Blades
 17889 | D:12     | Noticed a two-headed ogre
 17892 | D:12     | Killed a two-headed ogre
 17908 | D:12     | Noticed a two-headed ogre
 17988 | Orc:1    | Entered Level 1 of the Orcish Mines
 18024 | Orc:2    | Entered Level 2 of the Orcish Mines
 18039 | Orc:1    | Found a frozen archway.
 18076 | IceCv    | Entered an ice cave
 18083 | IceCv    | Reached skill level 14 in Dodging
 18881 | IceCv    | HP: 11/64 [something] (8)]
 19017 | IceCv    | HP: 13/64 [ice beast[an ice statue] (4)]
 19032 | IceCv    | HP: 14/64 [ice beast[an ice statue] (6)]
 19981 | IceCv    | Noticed a white draconian
 20064 | IceCv    | Banished a white draconian
 20065 | IceCv    | Reached skill level 15 in Dodging
 20636 | Orc:1    | Found Pewien's Jewellery Shop.
 20744 | Orc:2    | HP: 16/64 [poisoned by an orc]
 20749 | Orc:2    | HP: 16/64 [poisoned by an orc]
 20814 | Orc:2    | Found a staircase to the Elven Halls.
 21042 | Orc:2    | Noticed Snorg
 21054 | Orc:2    | Banished Snorg
 21166 | Orc:1    | Reached XP level 13. HP: 59/68 MP: 10/21
 21509 | Orc:2    | Found Pauvilot's Antique Weapon Shoppe.
 21850 | Orc:1    | Reached skill level 9 in Stealth
 21850 | Orc:1    | Reached skill level 6 in Evocations
 22084 | Lair:1   | Entered Level 1 of the Lair of Beasts
 22084 | Lair:1   | Noticed AigisTheKnight's ghost (journeyman DrAE)
 22084 | Lair:1   | Found a transporter.
 22089 | Lair:1   | Found a transporter.
 22165 | Lair:1   | You pick up a book of Spectacle and begin reading...
 22165 | Lair:1   | You add the spells Dazzling Flash, Iskenderun's Mystic
                  | Blast and Starburst to your library.
 22279 | Lair:1   | Learned a level 2 spell: Ensorcelled Hibernation
 22526 | Lair:1   | Reached skill level 1 in Hexes
 22698 | Lair:1   | Reached skill level 2 in Hexes
 22950 | Lair:2   | Found a hole to the Spider Nest.
 22957 | Lair:2   | Reached skill level 3 in Hexes
 23239 | Lair:2   | Reached skill level 4 in Hexes
 23409 | Lair:2   | Learned a level 3 spell: Dazzling Flash
 23413 | Lair:2   | Learned a level 3 spell: Tukima's Dance
 23513 | Lair:2   | Reached skill level 6 in Spellcasting
 23987 | Lair:2   | Reached skill level 16 in Dodging
 23993 | Lair:2   | Reached skill level 5 in Hexes
 23999 | Lair:2   | HP: 12/70 [death yak (25)]
 24626 | Lair:3   | Reached skill level 6 in Hexes
 24651 | Lair:3   | Reached skill level 9 in Fighting
 24902 | Lair:3   | Reached skill level 7 in Spellcasting
 25533 | Lair:4   | You pick up a book of the Spheres and begin reading...
 25642 | Lair:4   | Found a staircase to the Swamp.
 25654 | Lair:4   | Reached skill level 7 in Hexes
 25762 | Lair:4   | Reached XP level 14. HP: 72/75 MP: 25/25
 26721 | Lair:5   | Reached skill level 8 in Hexes
 26918 | Lair:5   | Reached ***** piety under Lugonu
 27110 | Lair:5   | HP: 11/75 [cane toad (21)]
 27456 | Lair:5   | Reached skill level 8 in Spellcasting
 27903 | Lair:6   | Entered Level 6 of the Lair of Beasts
 27916 | Lair:5   | Reached skill level 9 in Hexes
 28357 | Lair:5   | Reached skill level 17 in Dodging
 28579 | Lair:6   | Found a staircase to the Slime Pits.
 28639 | Lair:6   | Reached skill level 10 in Hexes
 28700 | Lair:5   | Upgraded the game from 0.28-a0-1206-g193881aaa2 to
                  | 0.28-a0-1213-g0243856f03
 28700 | Lair:5   | magus.rc [v1.9.10]
 28893 | Lair:5   | Reached skill level 10 in Fighting
 29534 | Lair:6   | HP: 16/77 [six-headed hydra (10)]
 29888 | Lair:6   | Reached skill level 11 in Fighting
 30425 | Lair:6   | Reached XP level 15. HP: 59/83 MP: 22/28
 30575 | Lair:6   | Reached skill level 10 in Stealth
 30611 | Lair:6   | HP: 17/79 [small abomination (20)]
 30733 | Lair:6   | Reached skill level 6 in Slings
 31480 | Lair:6   | HP: 11/84 [large abomination (34)]
 31705 | Lair:6   | Reached skill level 11 in Stealth
 31800 | Lair:6   | Reached skill level 12 in Fighting
 31806 | Lair:6   | Found a corrupted altar of Lugonu.
 31806 | Lair:6   | Found a one-way gate to the infinite horrors of the Abyss.
 31818 | Lair:6   | You pick up a book of Flames and begin reading...
 31818 | Lair:6   | You add the spells Foxfire, Inner Flame and Flame Wave to
                  | your library.
 31978 | Lair:6   | Reached skill level 7 in Slings
 32326 | Orc:2    | Paralysed by an orc sorcerer for 5 turns
 32331 | Orc:2    | HP: 19/84 [orc warrior (15)]
 32336 | Orc:2    | HP: 18/84 [poisoned by an orc wizard]
 32612 | Orc:2    | Found Jatav's Weapon Shop.
 32625 | Orc:2    | Found Ossohayps's Book Shop.
 32632 | Orc:2    | Found Guz Geusej's Weapon Shoppe.
 32649 | Orc:2    | Bought the +8 Vampire's Tooth {vamp} for 720 gold pieces
 32649 | Orc:2    | Found the +8 Vampire's Tooth {vamp}
 32760 | Orc:1    | Reached skill level 12 in Stealth
 33058 | D:12     | Reached skill level 8 in Slings
 33386 | D:12     | Reached skill level 9 in Slings
 33659 | D:12     | Found the -2 hat of the Alchemist {rElec rPois rF+ rC+ rN+
                  | Will+ rMut rCorr}
 33732 | D:12     | Reached skill level 10 in Slings
 33810 | D:12     | You pick up a book of Maledictions and begin reading...
 34276 | D:13     | Found a gate to the Vaults.
 34304 | D:13     | Reached skill level 11 in Slings
 34397 | D:13     | Noticed Urug
 34415 | D:13     | HP: 11/84 [centaur warrior/arrow (15)]
 34420 | D:13     | HP: 21/84 [centaur/arrow[a centaur warrior] (4)]
 34421 | D:13     | HP: 5/84 [centaur/arrow[a centaur warrior] (13)]
 34806 | D:13     | You pick up a book of Necromancy and begin reading...
 34806 | D:13     | You add the spells Pain, Animate Skeleton and Vampiric
                  | Draining to your library.
 34928 | D:13     | Found a white marble altar of Elyvilon.
 34960 | D:13     | Killed Urug
 34967 | D:13     | a +2 double sword of electrocution {rare}; 4 javelins; a +0
                  | chain mail
 35117 | D:13     | a +2 double sword of electrocution {rare}; 4 javelins; a +0
                  | chain mail
 35307 | D:14     | Noticed Josephine
 35426 | D:14     | Killed Josephine
 35427 | D:14     | Reached skill level 12 in Slings
 35646 | D:14     | HP: 21/84 [fire dragon (9)]
 35937 | D:14     | Reached skill level 1 in Shields
 36222 | D:14     | Reached XP level 16. HP: 88/88 MP: 19/29
 36361 | D:14     | Reached skill level 13 in Stealth
 36361 | D:14     | Reached skill level 7 in Evocations
 36513 | D:15     | Entered Level 15 of the Dungeon
 36568 | D:15     | Reached skill level 2 in Shields
 37147 | D:15     | Reached skill level 3 in Shields
 37231 | D:15     | Found a staircase to the Depths.
 37441 | D:15     | Reached skill level 8 in Evocations
 37782 | Depths:1 | Entered Level 1 of the Depths
 37943 | Depths:1 | Reached skill level 14 in Stealth
 37943 | Depths:1 | Reached skill level 4 in Shields
 38334 | Depths:1 | Found a transporter.
 38336 | Depths:1 | Found a transporter.
 38352 | Depths:1 | Reached skill level 9 in Evocations
 38773 | Depths:1 | Reached skill level 15 in Stealth
 38778 | Depths:1 | Reached skill level 10 in Evocations
 38782 | Depths:1 | Learned a level 3 spell: Teleport Other
 38820 | Depths:1 | Reached skill level 1 in Translocations
 38834 | Depths:1 | Reached skill level 2 in Translocations
 38856 | Depths:1 | Found a one-way gateway to a ziggurat.
 38856 | Depths:1 | Found a one-way gate leading to the halls of Pandemonium.
 38873 | Depths:1 | Found a transporter.
 38873 | Depths:1 | Found a transporter.
 38875 | Depths:1 | Found a transporter.
 38875 | Depths:1 | Found a transporter.
 38878 | Depths:1 | Reached skill level 3 in Translocations
 38885 | Depths:1 | Reached skill level 4 in Translocations
 38938 | Depths:1 | Reached skill level 5 in Translocations
 39076 | Depths:1 | Reached skill level 6 in Translocations
 39110 | Depths:1 | Hit by a large rock thrown by a stone giant

Vanquished Creatures
  A frost giant (Depths:1)
  3 very ugly things
  3 stone giants (Depths:1)
  A dire elephant (D:15)
  Josephine (D:14)
  2 rakshasas (Depths:1)
  8 hydras
  2 catoblepae
  3 centaur warriors
  6 two-headed ogres
  A death knight (D:15)
  A deep troll shaman (Depths:1)
  A tengu warrior (Depths:1)
  12 death yaks
  A thrashing horror (Lair:6)
  Urug (D:13)
  A fire crab (Lair:6)
  3 orc high priests
  5 hell knights (Depths:1)
  An iron troll (Depths:1)
  A deep troll (Depths:1)
  2 large abominations (Lair:6)
  A bog body (Lair:4)
  4 wizards
  Pikel (D:6)
  3 deep elf pyromancers
  2 necromancers (Depths:1)
  2 orc knights (Orc:2)
  2 cyclopes
  An oklob plant (Lair:6)
  3 orc sorcerers
  A salamander (D:15)
  7 manticores
  31 ugly things
  A salamander (shapeshifter) (D:8)
  22 elephants
  2 ice statues (IceCv)
  Joseph (D:8)
  3 smoke demons (Lair:6)
  9 black mambas
  A torpor snail (Lair:6)
  Maggie (D:6)
  2 unseen horrors
  3 gargoyles
  9 rime drakes
  8 cane toads
  9 komodo dragons
  Psyche (D:10)
  2 yaktaurs (D:13)
  A kobold demonologist (D:7)
  A komodo dragon (shapeshifter) (D:15)
  3 tengu conjurers (D:14)
  2 freezing wraiths
  An ancient zyme (Lair:6)
  8 trolls
  A wolf spider simulacrum (D:15)
  3 polar bears
  A jumping spider (Lair:2)
  7 dream sheep (Lair:4)
  12 small abominations
  3 slime creatures (D:14)
  19 blink frogs
  3 shadows
  69 yaks
  2 water elementals (D:13)
  A redback (D:15)
  2 wyverns
  13 wraiths
  9 basilisks
  A human (D:11)
  A death yak simulacrum (Lair:2)
  5 steam dragons
  13 vampire mosquitoes
  6 wargs
  3 chaos spawn (Lair:6)
  Edmund (D:6)
  11 water moccasins
  2 sky beasts
  2 black bears
  2 ice beasts
  A necrophage (D:11)
  11 orc warriors
  3 ogres
  A tengu (shapeshifter) (D:13)
  27 wolves
  12 centaurs
  3 lemures (D:6)
  2 phantoms
  10 bullfrogs
  A gnoll sergeant (D:7)
  A two-headed ogre simulacrum (Lair:2)
  A cane toad simulacrum (Lair:2)
  3 scorpions
  14 killer bees
  12 wights
  3 lindwurm simulacra (IceCv)
  3 howler monkeys
  5 centaur zombies
  A crimson imp (D:11)
  2 bullfrog zombies
  7 komodo dragon simulacra (IceCv)
  7 jellies
  10 orc priests
  6 hounds
  A bullfrog skeleton (D:7)
  A gnoll shaman (D:4)
  Jessica (D:2)
  Ijyb (D:4)
  5 iguanas
  10 orc wizards
  Natasha (twice) (D:4)
  A troll simulacrum (Lair:2)
  5 hell rats (Lair:6)
  A polar bear simulacrum (Lair:2)
  2 spriggan simulacra (Lair:2)
  3 killer bee zombies
  10 gnolls
  A howler monkey skeleton (D:7)
  A naga simulacrum (Lair:2)
  6 acid dragon simulacra (IceCv)
  5 adders
  A shadow imp (D:6)
  14 white imps
  An ufetubus (D:6)
  5 steam dragon simulacra (IceCv)
  An adder skeleton (D:4)
  3 worms
  2 dart slugs
  25 orcs
  A bat (D:1)
  5 endoplasms
  3 goblins
  4 hobgoblins
  3 jackals (D:3)
  5 kobolds
  4 quokkas
  2 ball pythons (D:2)
  2 frilled lizards (D:1)
  A jackal skeleton (D:4)
  6 rats
690 creatures vanquished.

Vanquished Creatures (collateral kills)
  An ugly thing (Lair:6)
1 creature vanquished.

Vanquished Creatures (others)
  A fire giant (Depths:1)
  3 centaurs (D:13)
  An orc priest (D:11)
  An orc (D:11)
  A bush (Lair:5)
  42 fungi
  40 plants
89 creatures vanquished.

Grand Total: 780 creatures vanquished

Table legend:
 A = Non-vault XP
 B = Vault XP
 C = Vault XP percentage of total XP
 D = Non-vault monster count
 E = Vault monster count
 F = Vault count percentage of total count
                 A         B        C        D         E       F
            +---------+---------+-------+---------+---------+-------
      Total |  127223 |   67870 |  34.8 |     488 |     227 |  31.7
            +---------+---------+-------+---------+---------+-------
        D:1 |      17 |       0 |   0.0 |      10 |       0 |   0.0
        D:2 |      26 |      37 |  58.7 |      13 |       1 |   7.1
        D:3 |      79 |       0 |   0.0 |       8 |       0 |   0.0
        D:4 |     554 |      71 |  11.4 |      25 |       2 |   7.4
        D:5 |     675 |     110 |  14.0 |      12 |       1 |   7.7
        D:6 |     714 |    1198 |  62.7 |      20 |       3 |  13.0
        D:7 |    1508 |    2140 |  58.7 |      20 |      17 |  45.9
        D:8 |    3997 |    1927 |  32.5 |      29 |       5 |  14.7
        D:9 |    1199 |     983 |  45.1 |      10 |       3 |  23.1
       D:10 |    3616 |     371 |   9.3 |      26 |       1 |   3.7
       D:11 |    3430 |    9169 |  72.8 |      16 |      26 |  61.9
       D:12 |    5869 |    4606 |  44.0 |      17 |       7 |  29.2
       D:13 |    7954 |    2412 |  23.3 |      25 |       4 |  13.8
       D:14 |    9376 |    1960 |  17.3 |      19 |       6 |  24.0
       D:15 |   12248 |    4220 |  25.6 |      26 |       6 |  18.8
     Lair:1 |    3069 |     344 |  10.1 |      19 |       2 |   9.5
     Lair:2 |    6158 |    5005 |  44.8 |      24 |      19 |  44.2
     Lair:3 |    3716 |       0 |   0.0 |      13 |       0 |   0.0
     Lair:4 |    3247 |     685 |  17.4 |      14 |       1 |   6.7
     Lair:5 |   25022 |    3917 |  13.5 |      64 |       8 |  11.1
     Lair:6 |    9409 |   15532 |  62.3 |      29 |      49 |  62.8
      Orc:1 |    1519 |    4061 |  72.8 |       8 |      21 |  72.4
      Orc:2 |     727 |    5088 |  87.5 |      14 |      17 |  54.8
   Depths:1 |   22833 |       0 |   0.0 |      26 |       0 |   0.0
    Abyss:2 |     261 |       0 |   0.0 |       1 |       0 |   0.0
      IceCv |       0 |    4034 | 100.0 |       0 |      28 | 100.0
            +---------+---------+-------+---------+---------+-------

Illustrated notes

Table legend:
 A = Kills in this place as a percentage of kills in entire the game.
 B = Kills by you in this place as a percentage of kills by you in the entire game.
 C = Kills by friends in this place as a percentage of kills by friends in the entire game.
 D = Other kills in this place as a percentage of other kills in the entire game.
 E = Experience gained in this place as a percentage of experience gained in the entire game.
 F = Experience gained in this place divided by the number of levels of this place that you have seen.
                   A       B       C       D       E      F
               +-------+-------+-------+-------+-------+----------------------
         Total | 100.0 | 100.0 | 100.0 | 100.0 | 100.0 | 7225.7
       Dungeon |  50.1 |  50.7 |   0.0 |  37.0 |  41.2 | 5364.4
          Lair |  33.8 |  34.2 | 100.0 |  22.2 |  39.0 | 12684.0
  Orcish Mines |   8.4 |   7.9 |   0.0 |  22.2 |   5.8 | 5697.5
        Depths |   3.6 |   3.2 |   0.0 |  14.8 |  11.7 | 22833.0
         Abyss |   0.1 |   0.1 |   0.0 |   0.0 |   0.1 | 130.5
      Ice Cave |   3.9 |   3.9 |   0.0 |   3.7 |   2.1 | 4034.0
               +-------+-------+-------+-------+-------+----------------------

Table legend: (Time is in decaauts)
 A = Elapsed time spent in this place.
 B = Non-inter-level travel time spent in this place.
 C = Inter-level travel time spent in this place.
 D = Time resting spent in this place.
 E = Time spent auto-exploring this place.
 F = Levels seen in this place.
 G = Mean time per level.
                   A        B        C        D        E       F      G
               +--------+--------+--------+--------+--------+-----+--------+
         Total |  29287 |  28370 |    917 |   5487 |  14065 |  27 | 1084.7 |
       Dungeon |  17667 |  17083 |    584 |   3417 |   9405 |  15 | 1177.8 |
          Lair |   7203 |   6951 |    252 |    834 |   3659 |   6 | 1200.5 |
  Orcish Mines |   1593 |   1513 |     80 |    478 |    507 |   2 |  796.5 |
        Depths |    863 |    863 |      0 |    262 |    276 |   1 |  863.0 |
         Abyss |     96 |     96 |      0 |      0 |     42 |   2 |   48.0 |
      Ice Cave |   1864 |   1864 |      0 |    495 |    173 |   1 | 1864.0 |
               +--------+--------+--------+--------+--------+-----+--------+

Top non-repeatable levels by time:
     D:7: 2541 daAuts
  Lair:5: 2470 daAuts
     D:8: 2280 daAuts
     D:6: 2172 daAuts
   IceCv: 1864 daAuts
  Lair:6: 1780 daAuts
     D:5: 1665 daAuts
     D:4: 1453 daAuts
    D:11: 1314 daAuts
  Lair:2: 1260 daAuts
    D:15: 996 daAuts
    D:12: 960 daAuts
     D:9: 899 daAuts
Depths:1: 863 daAuts
    D:14: 834 daAuts
